 Dungeon Crawl Stone Soup version 0.25.0-46-gbd7b0854d2 (webtiles) character file.

Game seed: 8815769943328082259

42 Ethylacetat the Shooter (level 3, -5/33 HPs)
             Began as a Naga Hunter on July 12, 2020.
             Slain by Sigmund
             ... wielding a +0 scythe
              (9 damage)
             ... on level 2 of the Dungeon.
             The game lasted 00:02:29 (1323 turns).

Ethylacetat the Shooter (Naga Hunter)               Turns: 1323, Time: 00:02:30

Health: -5/33      AC:  6    Str: 15    XL:     3   Next: 56%
Magic:  3/3        EV:  7    Int: 11    God:
Gold:   40         SH:  0    Dex: 11    Spells: 2/2 levels left

rFire    . . .     SeeInvis +   a - +1 shortbow
rCold    . . .     Gourm    .   (shield currently unavailable)
rNeg     . . .     Faith    .   c - +0 leather armour
rPois    +         Spirit   .   (no helmet)
rElec    .         Reflect  .   (no cloak)
rCorr    .         Harm     .   (no gloves)
MR       .....                  h - +0 naga barding (curse)
Stlth    +.........             (no amulet)
HPRegen  0.11/turn              (no ring)
MPRegen  0.08/turn              (no ring)

@: confused, very slow
A: large, see invisible, deformed body, poison resistance, slowness 2, slow
metabolism 1, spit poison 1, AC +1
a: Spit Poison


You were on level 2 of the Dungeon.
You were not hungry.

You visited 1 branch of the dungeon, and saw 2 of its levels.

You collected 40 gold pieces.

Inventory:

Hand Weapons
 a - a +1 shortbow (weapon)
 b - a +0 short sword
Missiles
 d - 35 arrows (quivered)
Armour
 c - a +0 leather armour (worn)
 h - a cursed +0 naga barding (worn)
Scrolls
 g - a scroll of teleportation {unknown}
 j - 2 scrolls of identify {unknown}
 m - a scroll of remove curse {unknown}
Potions
 e - 2 potions of magic {unknown}
 i - 2 potions of curing {unknown}
 l - a potion of haste {unknown}
Comestibles
 f - 2 rations


   Skills:
 + Level 2.6 Fighting
 * Level 4.4 Bows
 - Level 1.5 Dodging
 - Level 1.5 Stealth


You had 2 spell levels left.
You didn't know any spells.
Your spell library was empty.

Dungeon Overview and Level Annotations

Branches:
Dungeon (2/15)

Altars:

Annotations:
D:2 Sigmund


Innate Abilities, Weirdness & Mutations

You cannot wear boots.
Your serpentine skin is tough. (AC +1)
You have supernaturally acute eyesight. (SInv)
Armour fits poorly on your strangely shaped body.
Your system is resistant to poisons. (rPois)
You cover ground very slowly.
You have a slow metabolism.
You can spit poison.


Message History

Aim: Sigmund, wielding a +0 scythe and wearing a cursed +0 robe (severely wounded)
You shoot an arrow. The arrow hits Sigmund.
Sigmund is almost dead.
Sigmund points at you and mumbles some strange words.
You are confused.
Firing (i - inventory)
d - 37 arrows (quivered)
Press: ? - help, Shift-Dir - straight line, f/p - Sigmund
Aim: Sigmund, wielding a +0 scythe and wearing a cursed +0 robe (almost dead)
You shoot an arrow.
You have got your breath back.
Sigmund gestures at you while chanting. The puff of flame hits you!
* * * LOW HITPOINT WARNING * * *
Firing (i - inventory)
d - 36 arrows (quivered)
Press: ? - help, Shift-Dir - straight line, f/p - Sigmund
Aim: Sigmund, wielding a +0 scythe and wearing a cursed +0 robe (almost dead)
You shoot an arrow.
Sigmund whispers, "You'll know eternity soon."
Sigmund hits you from afar with a +0 scythe!
You die...

#####
#....######
#.........##
#....(.....##
#....@......#
#....)†.....#
........@......
#.##.......=..#
. #.......†..#
##........##
.....(....#
.......((.$(


You could see Sigmund.

Vanquished Creatures
  5 dart slugs
  3 bats (D:1)
  A giant cockroach (D:1)
  4 goblins
  3 hobgoblins (D:1)
  5 jackals (D:1)
  3 kobolds (D:1)
  6 rats
30 creatures vanquished.

Notes
Turn   | Place    | Note
-------+----------+-------------------------------------------
     0 | D:1      | Ethylacetat the Naga Hunter began the quest for the Orb.
     0 | D:1      | Reached XP level 1. HP: 19/19 MP: 1/1
   471 | D:1      | Reached XP level 2. HP: 26/26 MP: 2/2
   491 | D:1      | Reached skill level 4 in Bows
   678 | D:1      | Reached XP level 3. HP: 18/33 MP: 3/3
  1312 | D:2      | Noticed Sigmund
  1323 | D:2      | Slain by Sigmund

Illustrated notes

Levels and vault maps discovered:
D:1:      kilobyte_arrival_exit_the_forest, layout_rooms
D:2:      layout_rooms, grunt_temple_overflow_open, first_ration,
          chequers_ecumenical_altar_simple, uniq_sigmund

Skill      XL: |  1  2 |
---------------+-------+-----
Bows           | 4 |  4.4
Fighting       | |  2.6
Dodging        | |  1.5
Stealth        | |  1.5

Action                   || total
-------------------------++-------
Melee: Short sword       ||    92
 Fire: Shortbow          ||     9
 Abil: Spit Poison       ||    14
  Eat: Chunk             ||     1
Armor: Leather armour    ||    62
Dodge: Dodged            ||    34
